 Dungeon Crawl Stone Soup version 0.29.1-1-gd02db6906a (console) character file.

Game seed: 6271898768354825665

211 shmup the Ruffian (level 5, -2/40 HPs)
             Began as a Draconian Transmuter on Sept 17, 2022.
             Was an Initiate of Nemelex Xobeh.
             Killed from afar by an electric eel (3 damage)
             ... with a bolt of electricity
             ... on level 3 of the Dungeon.
             The game lasted 00:23:37 (3418 turns).

shmup the Ruffian (Draconian Transmuter)            Turns: 3418, Time: 00:23:37

Health: -2/40      AC:  5    Str: 12    XL:     5   Next: 57%
Magic:  8/8        EV: 12    Int: 16    God:    Nemelex Xobeh [......]
Gold:   136        SH:  0    Dex: 17    Spells: 7/8 levels left

rFire   + . .      SeeInvis .     - Unarmed
rCold   + . .      Faith    .   (no shield)
rNeg    . . .      Spirit   .   (body armour unavailable)
rPois   +          Reflect  .   (helmet restricted)
rElec   +          Harm     .   (no cloak)
rCorr   +          Rampage  .   (no gloves)
Will    .....                   (no boots)
Stlth   ++........              (no amulet)
HPRegen 0.13/turn               l - +4 ring of slaying
MPRegen 0.11/turn               k - +6 ring of dexterity

@: resistant
A: AC +5, unfitting armour, cold-blooded
a: Renounce Religion, Draw Escape, Draw Destruction, Draw Summoning


You were on level 3 of the Dungeon.
You worshipped Nemelex Xobeh.
Nemelex Xobeh was noncommittal.
You visited 1 branch of the dungeon, and saw 4 of its levels.

You collected 136 gold pieces.

Inventory:

Missiles
 g - 12 poisoned darts (quivered)
 h - 8 stones
Jewellery
 c - a ring of protection from fire
 k - a +6 ring of dexterity (right hand)
 l - a +4 ring of slaying (left hand)
Wands
 r - a wand of flame (12)
Scrolls
 d - a scroll of teleportation {unknown}
 f - 2 scrolls of identify
 i - a scroll of fog {unknown}
 o - a scroll of blinking {unknown}
 q - a scroll of fear {unknown}
Potions
 a - a potion of lignification
 e - a potion of haste {unknown}
 j - a potion of degeneration {unknown}
 m - a potion of mutation {unknown}
 n - a potion of curing {unknown}
 p - a potion of attraction {unknown}


   Skills:
 - Level 1.1 Fighting
 - Level 1.7 Dodging
 - Level 6.0 Unarmed Combat
 - Level 2.0 Spellcasting
 + Level 2.9 Transmutations


You had 7 spell levels left.
You knew the following spells:

 Your Spells              Type           Power      Damage    Failure   Level
a - Beastly Appendage     Tmut           22%        N/A       6%          1

Your spell library contained the following spells:

 Spells                   Type           Power      Damage    Failure   Level
 Wereblood                Tmut           11%        N/A       10%         2
 Spider Form              Tmut/Pois      6%         N/A       34%         3
 Ozocubu's Armour         Ice            1%         N/A       52%         3
 Ice Form                 Ice/Tmut       6%         N/A       75%         4
 Blade Hands              Tmut           5%         N/A       86%         5
 Metabolic Englaciation   Hex/Ice        0%         N/A       99%         5
 Iron Shot                Conj/Erth      0%         9d1       100%        6
 Simulacrum               Ice/Necr       0%         N/A       100%        6
 Animate Armour           Summ/Erth      Unusable   N/A       N/A         4

Dungeon Overview and Level Annotations

Branches:
Dungeon (4/15)
 Temple: D:4-7

Altars:
Nemelex Xobeh
The Shining One

Annotations:
D:2 exclusion: downstairs
D:3 1 transporter, exclusions: 2 downstairs and 2 more exclusions, Sigmund


Innate Abilities, Weirdness & Mutations

Your plain brown scales are hard. (AC +5)
You cannot fit into any form of body armour.
You are cold-blooded and may be slowed by cold attacks.


Message History

The electric eel shoots out a bolt of lightning at you!
The bolt of electricity hits you. You resist.
The electric eel shoots out a bolt of lightning at you!
The bolt of electricity hits you. You resist.
The electric eel shoots out a bolt of lightning at you!
The bolt of electricity hits you. You resist.
* * * LOW HITPOINT WARNING * * *
The electric eel shoots out a bolt of lightning at you!
The bolt of electricity hits you. You resist.
* * * LOW HITPOINT WARNING * * *
The electric eel shoots out a bolt of lightning at you!
The bolt of electricity hits the electric eel.
The electric eel completely resists.
The bolt of electricity hits you. You resist.
* * * LOW HITPOINT WARNING * * *
The electric eel shoots out a bolt of lightning at you!
The bolt of electricity hits you. You resist.
* * * LOW HITPOINT WARNING * * *
The electric eel shoots out a bolt of lightning at you!
The bolt of electricity hits you. You resist.
* * * LOW HITPOINT WARNING * * *
The electric eel shoots out a bolt of lightning at you!
The bolt of electricity hits the electric eel.
The electric eel completely resists.
The bolt of electricity misses you.
The ogre shouts!
The electric eel shoots out a bolt of lightning at you!
The bolt of electricity misses you.
The electric eel shoots out a bolt of lightning at you!
The bolt of electricity hits you. You resist.
* * * LOW HITPOINT WARNING * * *
The electric eel shoots out a bolt of lightning at you!
The bolt of electricity hits you. You resist.
* * * LOW HITPOINT WARNING * * *
You open the door.
The electric eel shoots out a bolt of lightning at you!
The bolt of electricity hits you. You resist.
* * * LOW HITPOINT WARNING * * *
The electric eel shoots out a bolt of lightning at you!
The bolt of electricity hits you. You resist.
You die...
Your body disappears without a glow.

▒....▒▒▒..................▒ ▒▒▒.
..........................▒▒▒▒...
.........▒.▒.▒...................
▒...▒▒▒▒.▒.▒...............~~~~~~
▒..........................~.....
▒.......................▒▒.~.~~~~
▒....▒▒▒▒▒▒▒▒▒▒▒▒▒▒▒.▒.....~.~_..
▒..▒.▒8~▒~~S~~~~▒P8▒..▒....~.~~~.
▒....▒..▒.......▒..▒..▒....~.....
▒...^▒^.'..$7...d?^▒O......~~~~~~
.....▒..▒.......▒..▒...<.....~...
.....▒8P▒~~SS~~~▒P8▒.......~.~.~~
.▒▒..▒▒▒▒▒▒▒▒▒▒▒▒▒▒▒.▒▒....~.~.._
.....................▒▒....~.~~~~
.▒▒...▒▒.............▒▒....~.....
.▒▒.▒....▒▒▒.........▒▒....~~~~~~
.▒▒......[....▒▒▒..▒▒▒▒▒.▒.......
▒▒▒....▒▒▒▒..▒▒▒▒.▒▒ ▒.........
......▒▒ ▒.......▒ ▒▒▒▒▒▒▒▒▒▒


You could see an ogre and 3 electric eels.

Vanquished Creatures
  A scorpion (D:3)
  An orc priest (D:3)
  4 adders
  4 worms (D:2)
  A dart slug (D:1)
  3 orcs
  4 ball pythons
  8 bats
  3 endoplasms
  4 giant cockroaches
  5 goblins
  4 hobgoblins
  7 jackals
  3 quokkas (D:1)
  3 frilled lizards
  3 kobolds
  5 rats
63 creatures vanquished.

Vanquished Creatures (others)
  A plant (D:3)
1 creature vanquished.

Grand Total: 64 creatures vanquished

Notes
Turn   | Place    | Note
-------+----------+-------------------------------------------
     0 | D:1      | shmup the Draconian Transmuter began the quest for the Orb.
     0 | D:1      | Reached XP level 1. HP: 16/16 MP: 3/3
   239 | D:1      | Reached XP level 2. HP: 23/23 MP: 5/5
   567 | D:1      | Reached skill level 4 in Unarmed Combat
   968 | D:1      | Reached XP level 3. HP: 28/28 MP: 6/6
  1026 | D:1      | Found a faded altar of an unknown god.
  1734 | D:2      | Reached XP level 4. HP: 33/35 MP: 7/7
  1796 | D:2      | Reached skill level 5 in Unarmed Combat
  2573 | D:3      | Found a transporter.
  2587 | D:3      | Found a sparkling altar of Nemelex Xobeh.
  2618 | D:3      | Found a glowing golden altar of the Shining One.
  2732 | D:3      | Reached XP level 5. HP: 37/40 MP: 6/8
  2851 | D:3      | Became a worshipper of Nemelex Xobeh the Trickster
  3001 | D:3      | Reached skill level 6 in Unarmed Combat
  3163 | D:3      | Found a transporter.
  3219 | D:3      | Noticed Sigmund
  3243 | D:4      | Noticed an ogre
  3267 | D:4      | Noticed an ogre
  3417 | D:3      | HP: 1/40 [electric eel/bolt of electricity (3)]
  3418 | D:3      | Killed from afar by an electric eel

Illustrated notes

Levels and vault maps discovered:
D:1:      nicolae_arrival_memento_mori, layout_loops_ring,
          dreamdust_ecumenical_altar_angels_and_demons
D:2:      layout_basic, kennysheep_flooded_box
D:3:      gammafunk_steamed_eel, layout_rooms,
          mainiacjoe_overflow_catwalk_spiral, serial_shops, shop_fountains,
          grunt_decor_mini_mirrors, uniq_sigmund
D:4:      layout_cave_pools

Skill      XL: |  1  2  3  4  5 |
---------------+----------------+-----
Unarmed Combat | 4 5 6 |  6.0
Fighting       | |  1.1
Dodging        | |  1.7
Spellcasting   | |  2.0
Transmutations | |  2.9

Action                   |  1- 3 |  4- 6 || total
-------------------------+-------+-------++-------
Melee: Unarmed           |   112 |    51 ||   163
       Tailslap          |    12 |     3 ||    15
       Kick              |     9 |     7 ||    16
       Headbutt          |     7 |     4 ||    11
       Punch             |     8 |       ||     8
 Cast: Beastly Appendage |     9 |     9 ||    18
  Use: Scroll            |       |     1 ||     1
       Potion            |       |     1 ||     1
 Stab: Sleeping          |     1 |     5 ||     6
Armor: Skin              |    49 |    13 ||    62
Dodge: Dodged            |    75 |    37 ||   112
